 Dungeon Crawl Stone Soup version 0.17-a0-1637-g5d65775 (webtiles) character file.

120 karlkraus the Sneak (level 5, -10/35 HPs)
             Began as an Octopode Assassin on Aug 7, 2015.
             Mangled by a goblin
             ... wielding a +2 dagger of electrocution
              (16 damage)
             ... on level 3 of the Dungeon.
             The game lasted 00:06:25 (2271 turns).

karlkraus the Sneak (Octopode Assassin)             Turns: 2271, Time: 00:06:35

Health: -10/35     AC:  1    Str: 10    XL:     5   Next: 4%
Magic:  5/5        EV: 12    Int: 14    God:
Gold:   119        SH:  0    Dex: 14    Spells: 1 memorised, 3 levels left

rFire  x . .     SeeInvis .     a - +2 dagger
rCold  + . .     Clarity  .     (no shield)
rNeg   . . .     SustAt   .     (helmet restricted)
rPois  .         Gourm    .     f - amulet of resist corrosion
rElec  .         Spirit   .     h - ring of ice
rCorr  +         Warding  .     w - ring of protection from magic
rMut   .         Stasis   .     (no ring)
MR     +....                    (no ring)
Stlth  +++++.....               (no ring)
                                (no ring)
                                (no ring)
                                (no ring)

@: somewhat resistant to hostile enchantments, quite stealthy
A: almost no armour, amphibious, 8 rings, constrict 8, camouflage 1, gelatinous
body 1
a: no special abilities


You were on level 3 of the Dungeon.
You were not hungry.

You visited 1 branch of the dungeon, and saw 3 of its levels.

You collected 119 gold pieces.

Inventory:

Hand weapons
 a - a +2 dagger (weapon)
 b - a +0 blowgun
Missiles
 c - 22 poisoned needles
 d - 2 curare-tipped needles
Jewellery
 f - an amulet of resist corrosion (around mantle)
 h - a ring of ice (left tentacle)
 w - a ring of protection from magic (right tentacle)
 x - an uncursed amulet of stasis {unknown}
Scrolls
 g - 3 scrolls of identify {unknown}
 j - 2 scrolls of magic mapping {unknown}
 l - a scroll of enchant weapon {unknown}
 m - a scroll of enchant armour {unknown}
 n - 3 scrolls of remove curse {unknown}
Potions
 i - 2 potions of heal wounds {unknown}
 q - 2 potions of resistance {unknown}
 r - 2 potions of curing
 s - a potion of haste {unknown}
Books
 p - a book of Conjurations

   Spells                             Type                      Level
   a - Magic Dart                     Conjuration                  1
   b - Searing Ray                    Conjuration                  2
   c - Dazzling Spray                 Conjuration/Hexes            3
   d - Fulminant Prism                Conjuration/Hexes            4
   e - Iskenderun's Mystic Blast      Conjuration                  4
   f - Iskenderun's Battlesphere      Conjuration/Charms           5
 t - Sif Muna's Reference Book on Transformation
   (You found it on level 2 of the Dungeon)

   Spells                             Type                      Level
   a - Beastly Appendage              Transmutation                1
 u - Kikubaaqudgha's Guide on Evil Rites
   (You found it on level 2 of the Dungeon)

   Spells                             Type                      Level
   a - Pain                           Necromancy                   1
 v - Vehumet's Papyrus of Arcane Weapons
   (You found it on level 2 of the Dungeon)

   Spells                             Type                      Level
   a - Magic Dart                     Conjuration                  1
Comestibles
 e - a bread ration
 k - 3 meat rations
 o - a beef jerky
 z - 4 chunks of flesh


   Skills:
 + Level 2.4 Fighting
 + Level 2.4 Short Blades
 + Level 2.1 Throwing
 + Level 1.3 Dodging
 + Level 7.8 Stealth


You had 3 spell levels left.
You knew the following spells:

 Your Spells              Type           Power        Failure   Level  Hunger
a - Magic Dart            Conj           #...         30%         1    ##.....


Dungeon Overview and Level Annotations

Branches:
Dungeon (3/15)

Altars:
Cheibriados
Elyvilon
Gozag
Kikubaaqudgha
Okawaru
Sif Muna
Vehumet


Innate Abilities, Weirdness & Mutations

You cannot wear most types of armour.
You are amphibious.
You can wear up to eight rings at the same time.
You can use your tentacles to constrict eight enemies at once.
Your skin changes colour to match your surroundings (Stealth).
Your rubbery body absorbs attacks (AC +1).


Message History

You impale the hobgoblin!!
You kill the hobgoblin!
No target in view!
You open the door.
A goblin, 2 hobgoblins, a kobold and an orc come into view.
The kobold shouts!
The hobgoblin shouts!
The goblin shouts!
The orc shouts!
The kobold hits you with a whip of electrocution.
You are electrocuted!
* * * LOW HITPOINT WARNING * * *
There is an open door here.
You are too injured to fight recklessly!
You are too injured to fight recklessly!
You are too injured to fight recklessly!
You hit the goblin. You grab the goblin.
The goblin is heavily wounded.
You constrict the goblin.
The goblin hits you with a dagger of electrocution.
* * * LOW HITPOINT WARNING * * *
You are electrocuted!
You die...

....# #...#..####..#..#.....
....####
#..K'....PP.....###..#
.......#
#...#.......#......###
.......#
#+###g.####.#......#
..)....###.#
#.o.#..#.#......#
####.......#
#...#..#.#...####
.......##..####.g.').#.....#
.......#
#...P..g#####.....######
.......#
#......@#).#............
####...#
#.####..'.)#............
#...#
#.#..)..####...###......
#####.####.#..#..[..#...#
#......
...........####..#..#...#
#......
.............P...####...#
#......
........................#
#......
..........####......###.#
####### ..........#
#.####.....# #


You could see an orc, 2 hobgoblins and a goblin.

Vanquished Creatures
  3 adders
  4 worms
  8 giant geckos
  2 orcs (D:3)
  11 bats
  2 giant cockroaches
  12 hobgoblins
  2 jackals (D:2)
  A ball python (D:3)
  4 giant newts (D:1)
  11 goblins
  5 kobolds
  2 quokkas (D:3)
  6 rats
73 creatures vanquished.

Notes
Turn   | Place    | Note
--------------------------------------------------------------
     0 | D:1      | karlkraus the Octopode Assassin began the quest for the Orb.
     0 | D:1      | Reached XP level 1. HP: 14/14 MP: 1/1
    90 | D:1      | Reached XP level 2. HP: 12/19 MP: 2/2
   183 | D:1      | Reached skill level 6 in Stealth
   219 | D:1      | Found an iron altar of Okawaru.
   724 | D:1      | Reached XP level 3. HP: 24/24 MP: 3/3
  1147 | D:2      | Found an ancient bone altar of Kikubaaqudgha.
  1149 | D:2      | Found a deep blue altar of Sif Muna.
  1149 | D:2      | Found a radiant altar of Vehumet.
  1155 | D:2      | Identified Sif Muna's Reference Book on Transformation
  1162 | D:2      | Identified Kikubaaqudgha's Guide on Evil Rites
  1169 | D:2      | Identified Vehumet's Papyrus of Arcane Weapons
  1173 | D:2      | Learned a level 1 spell: Magic Dart
  1501 | D:2      | Reached skill level 7 in Stealth
  1501 | D:2      | Reached XP level 4. HP: 20/29 MP: 4/4
  1852 | D:3      | Found a white marble altar of Elyvilon.
  1855 | D:3      | Found a snail-covered altar of Cheibriados.
  1858 | D:3      | Found an opulent altar of Gozag.
  1895 | D:3      | Found an iron altar of Okawaru.
  2230 | D:3      | Reached XP level 5. HP: 29/35 MP: 5/5
  2271 | D:3      | Mangled by a goblin

Vault maps used:
D:1:      ncdulo_wetmaze, okawaru_ov_weapons_minmay
D:2:      grunt_temple_overflow_magic_moments
D:3:      corexii_shack_village, grunt_temple_overflow_cloverleaf,
          uniq_crazy_yiuf_cottage

Action                   |  1- 3 |  4- 6 || total
-------------------------+-------+-------++-------
Melee: Dagger            |    85 |    47 ||   132
 Fire: Blowgun           |       |     4 ||     4
  Use: Potion            |       |     2 ||     2
 Stab: Sleeping          |    14 |    16 ||    30
  Eat: Chunk             |     2 |     2 ||     4
